 Seeded DCSS version 0.29-a0-364-g921d912d32 (webtiles) character file.

Game seed: 20220430 (custom seed)

42 lucidbluej the Skirmisher (level 3, -1/34 HPs)
             Began as a Minotaur Berserker on Apr 30, 2022.
             Was a Plaything of Xom.
             Slain by a ball python (2 damage)
             ... on level 2 of the Dungeon.
             The game lasted 00:05:35 (1186 turns).

lucidbluej the Skirmisher (Minotaur Berserker)      Turns: 1186, Time: 00:05:35

Health: -1/34      AC:  2    Str: 23    XL:     3   Next: 35%
Magic:  2/2        EV:  9    Int:  4    God:    Xom [......]
Gold:   101        SH:  0    Dex:  9    Spells: 2/2 levels left

rFire   . . .      SeeInvis .   a - +0 falchion
rCold   . . .      Faith    .   (no shield)
rNeg    . . .      Spirit   .   b - +0 animal skin
rPois   .          Reflect  .   (helmet restricted)
rElec   .          Harm     .   (no cloak)
rCorr   .          Rampage  .   (no gloves)
Will    .....                   (no boots)
Stlth   +.........              (no amulet)
HPRegen 0.11/turn               (no ring)
MPRegen 0.08/turn               (no ring)

@: constricted
A: horns 2, retaliatory headbutt
a: Renounce Religion


You were on level 2 of the Dungeon.
You worshipped Xom.
You were a very special plaything of Xom.
You visited 1 branch of the dungeon, and saw 2 of its levels.

You collected 101 gold pieces.

Inventory:

Hand Weapons
 a - a +0 falchion (weapon)
 c - a +0 club
 j - a +0 club
 k - a +0 mace
 m - a +0 club
 n - a +0 dagger
 x - a +0 club
Armour
 b - a +0 animal skin (worn)
 h - a +0 leather armour
 i - a +0 ring mail
 r - a +0 kite shield
 s - a +0 leather armour
 v - a +0 pair of boots
 w - a +0 robe
Scrolls
 e - a scroll of teleportation {unknown}
 f - 4 scrolls of identify {unknown}
 l - a scroll of magic mapping {unknown}
 o - a scroll of blinking {unknown}
 u - a scroll of immolation {unknown}
Potions
 d - a potion of attraction {unknown}
 g - a potion of haste {unknown}
 p - a potion of resistance {unknown}
 q - 2 potions of curing {unknown}
 t - a potion of heal wounds {unknown}


   Skills:
 + Level 4.5 Fighting
 + Level 4.4 Long Blades
 + Level 2.5 Armour
 + Level 2.3 Dodging


You had 2 spell levels left.
You didn't know any spells.
Your spell library contained the following spells:

 Spells                   Type           Power      Damage    Failure   Level
 Gell's Gravitas          Tloc           0%         N/A       86%         3
 Teleport Other           Tloc           0%         N/A       86%         3
 Dispersal                Tloc           0%         N/A       100%        6


Dungeon Overview and Level Annotations

Branches:
Dungeon (2/15)

Altars:
Xom


Innate Abilities, Weirdness & Mutations

You have a pair of horns on your head.
You reflexively headbutt those who attack you in melee.


Message History

You emit a cloud of colourful smoke!
You hit the adder.
You kill the adder!
The endoplasm freezes you.
You are frozen.
You hit the endoplasm.
The endoplasm is lightly wounded.
The endoplasm closely misses you.
You hit the endoplasm but do no damage.
The endoplasm is lightly wounded.
The endoplasm freezes you.
You are frozen.
You barely miss the endoplasm.
The endoplasm is lightly wounded.
The endoplasm hits you.
You hit the endoplasm but do no damage.
The endoplasm is lightly wounded.
The endoplasm hits you.
* * * LOW HITPOINT WARNING * * *
You barely miss the endoplasm.
The endoplasm is lightly wounded.
The endoplasm barely misses you.
Found a stone staircase leading down.
The endoplasm hits you.
* * * LOW HITPOINT WARNING * * *
The ball python hisses angrily.
The endoplasm freezes you.
You are frozen.
* * * LOW HITPOINT WARNING * * *
You hit the endoplasm.
The endoplasm is severely wounded.
The endoplasm barely misses you.
You hit the endoplasm. You headbutt the endoplasm.
You kill the endoplasm!
The ball python bites you.
* * * LOW HITPOINT WARNING * * *
The ball python grabs you. The ball python constricts you.
* * * LOW HITPOINT WARNING * * *
You barely miss the ball python. The ball python barely misses you.
The ball python constricts you. The ball python bites you.
You die...

..##. ... ##...# #..###
#J.... ###.. .....
.S#..( ##. #....###.....
#. #.#.#...
#S..#########.
##......###....#...##...
......S..##.............
#.>(...@..####.......<..
.........°§§............
..........§###..........
...........# ##.........
#..........# ##...##...
#..........# #########
##........## #........#
..........


You could see a ball python.

Vanquished Creatures
  An adder (D:2)
  A gnoll (D:1)
  A worm (D:2)
  A ball python (D:1)
  2 endoplasms
  A giant cockroach (D:1)
  2 hobgoblins (D:1)
  4 bats (D:1)
  3 frilled lizards (D:1)
  3 goblins
  A kobold (D:1)
  A rat (D:2)
21 creatures vanquished.

Notes
Turn   | Place    | Note
-------+----------+-------------------------------------------
     0 | D:1      | lucidbluej the Minotaur Berserker began the quest for the
                  | Orb.
     0 | D:1      | Reached XP level 1. HP: 19/19 MP: 0/0
   371 | D:1      | Reached XP level 2. HP: 18/27 MP: 1/1
   627 | D:1      | Found a faded altar of an unknown god.
   628 | D:1      | Noticed an eye of devastation
   633 | D:1      | Noticed a floating eye
   638 | D:1      | Noticed a floating eye
   638 | D:1      | Noticed an eye of devastation
   703 | D:1      | Prayed at the altar of an unknown god.
   703 | D:1      | Fell from the grace of Trog
   703 | D:1      | Became a worshipper of Xom of Chaos
   734 | D:1      | XOM: silly message
   890 | D:1      | XOM: divination: magic mapping
  1026 | D:1      | XOM: silly message
  1154 | D:2      | Reached XP level 3. HP: 33/34 MP: 2/2
  1174 | D:2      | XOM: smoke on damage
  1185 | D:2      | HP: 1/34 [constriction (1)]
  1186 | D:2      | Slain by a ball python

Illustrated notes

Levels and vault maps discovered:
D:1:      sevenhm_arrival_forest_fort_large_4, layout_loops_cross,
          hellmonk_ecumenical_altar_watching_god
D:2:      layout_rooms, minmay_fractal_squares_5

Skill      XL: |  1  2 |
---------------+-------+-----
Fighting       | 4 |  4.5
Long Blades    | 4 |  4.4
Armour         | |  2.5
Dodging        | |  2.3

Action                   || total
-------------------------++-------
Melee: Falchion          ||    53
       Headbutt          ||    13
Armor: Animal skin       ||    11
Dodge: Dodged            ||    41

Table legend: (Time is in decaauts)
 A = Elapsed time spent in this place.
 B = Non-inter-level travel time spent in this place.
 C = Inter-level travel time spent in this place.
 D = Time resting spent in this place.
 E = Time spent auto-exploring this place.
 F = Levels seen in this place.
 G = Mean time per level.
                   A        B        C        D        E       F      G
               +--------+--------+--------+--------+--------+-----+--------+
         Total |   1191 |    921 |    270 |      0 |    568 |   2 |  595.5 |
       Dungeon |   1191 |    921 |    270 |      0 |    568 |   2 |  595.5 |
               +--------+--------+--------+--------+--------+-----+--------+

Top non-repeatable levels by time:
     D:1: 1086 daAuts
     D:2: 104 daAuts
